 Dungeon Crawl Stone Soup version 0.22-a0-833-g8522bf8125 (console) character file.

2423 Lexodia the Grappler (level 9, -1/80 HPs)
             Began as a Troll Fighter on July 25, 2018.
             Was a Follower of Makhleb.
             Slain by a killer bee (10 damage)
             ... on level 8 of the Dungeon.
             The game lasted 00:09:47 (4281 turns).

Lexodia the Grappler (Troll Fighter)                Turns: 4281, Time: 00:09:48

Health: -1/80      AC:  7    Str: 37    XL:     9   Next: 24%
Magic:  17/17      EV: 11    Int:  4    God:    Makhleb [*.....]
Gold:   357        SH: 11    Dex: 11    Spells: 8/8 levels left

rFire    + + .     SeeInvis +     - Unarmed
rCold    . . .     Gourm    +   b - +0 shield
rNeg     . . .     Faith    .   y - +1 robe of Free Expression {-Tele rF++ Str+3 Dex+2}
rPois    .         Spirit   .   (helmet restricted)
rElec    .         Reflect  .   u - +0 cloak
rCorr    .         Harm     .   (gloves unavailable)
MR       .....     NoTele   +   (boots unavailable)
Stlth    +.........             k - amulet of regeneration
HPRegen  1.03/turn              z - ring of see invisible
MPRegen  0.15/turn              w - ring of magical power

@: mighty, lethally poisoned (-1 -> -2), flying, hasted, very quick
A: large, unfitting armour, beak, claws 3, repulsion field 1, fast metabolism 3,
gourmand, regeneration 1, shaggy fur 1, tough skin 2
a: Renounce Religion


You were on level 8 of the Dungeon.
You worshipped Makhleb.
Makhleb was aware of your devotion.
You were not hungry.

You visited 1 branch of the dungeon, and saw 8 of its levels.

You collected 357 gold pieces.

Inventory:

Hand Weapons
 A - the +7 mace of Variability {chain chaos}
   (You found it on level 6 of the Dungeon)

   Each time it hits an enemy it has a different, random effect.
Armour
 a - a +0 robe
 b - a +0 shield (worn)
 u - a +0 cloak (worn)
 y - the +1 robe of Free Expression (worn) {-Tele rF++ Str+3 Dex+2}
   (You found it on level 6 of the Dungeon)

   It affects your strength (+3).
   It affects your dexterity (+2).
   It greatly protects you from fire.
   It prevents most forms of teleportation.
 D - a +0 cloak
Jewellery
 g - an uncursed ring of ice
 k - an amulet of regeneration (around neck)
 o - an uncursed ring of ice
 s - an uncursed ring of wizardry
 w - a ring of magical power (right claw)
 z - a ring of see invisible (left claw)
Wands
 q - a wand of disintegration (7)
 x - a wand of iceblast (10)
Scrolls
 f - a scroll of magic mapping {unknown}
 h - 6 scrolls of remove curse {unknown}
 j - 2 scrolls of fog {unknown}
 l - 4 scrolls of amnesia {unknown}
 n - 10 scrolls of identify
 p - a scroll of teleportation {unknown}
 r - a scroll of immolation {unknown}
 t - a scroll of fear {unknown}
 v - a scroll of blinking {unknown}
 B - a scroll of enchant armour {unknown}
Potions
 c - 3 potions of might
 e - 2 potions of haste
 i - a potion of flight
 m - 5 potions of curing
Comestibles
 d - 13 rations


   Skills:
 - Level 2.4 Fighting
 - Level 2.4 Dodging
 + Level 6.5 Shields
 * Level 10.3 Unarmed Combat
 + Level 0.0 Invocations


You had 8 spell levels left.
You didn't know any spells.
Your spell library was empty.

Dungeon Overview and Level Annotations

Branches:
Dungeon (8/15)             Temple (0/1) D:7
   Lair: D:8-11

Altars:
Dithmenos
Makhleb
Okawaru
Ru
Trog
Vehumet
The Shining One

Shops:
D:4 [


Innate Abilities, Weirdness & Mutations

You are too large for most types of armour.
You have claws for hands.
Your metabolism is lightning-fast.
You like to eat raw meat.
Your natural rate of healing is unusually fast.
You are covered in fur. (AC +1)
You have very tough skin. (AC +2)
You have a beak for a mouth.
You are surrounded by a mild repulsion field. (EV +2)


Message History

The orc warrior closely misses you.
Unknown command.
You feel very mighty all of a sudden.
You feel sick. You block the killer bee's attack. x2
The killer bee closely misses you. The killer bee barely misses you.
You completely miss the killer bee. You block the killer bee's attack.
The killer bee barely misses you. The killer bee stings you!
* * * LOW HITPOINT WARNING * * *
You are more poisoned.
The killer bee poisons you! You block the orc warrior's attack.
Huge Dmg: -9%(-7hp) hp: 24%(19hp)
You miss the killer bee. You peck the killer bee.
The killer bee is lightly wounded.
You feel sick. The killer bee barely misses you.
The killer bee closely misses you. The killer bee stings you!
* * * LOW HITPOINT WARNING * * *
An orc comes into view. It is wielding a mace.
The orc priest looks braver for a moment.
You block the killer bee's attack. The killer bee stings you!
You die...

.....# #..#.#
#..#.# ..#.#
#.###...###.#
..(.......
#####.?.###.#
####.yy..5<)...#
#....@#.##.....#
#...y.#.#......#
#....o#.#.#.##.#
#....o#... .. #
#....o#### #..
......y# ...
######.## ...#
#o


You could see an orc warrior, 4 killer bees, an orc priest, a crimson imp and 2
orcs.

Vanquished Creatures
  Eustachio (D:6)
  Edmund (D:6)
  An ice beast (D:6)
  2 ogres
  2 phantoms
  2 centaurs (D:7)
  2 bullfrogs
  6 killer bees (D:8)
  10 wights (D:7)
  A howler monkey (D:7)
  2 crimson imps
  2 bullfrog skeletons (D:6)
  A jelly (D:3)
  2 orc priests
  3 hounds
  4 iguanas
  An orc wizard (D:4)
  5 worker ants
  A hound zombie (D:7)
  6 adders
  2 howler monkey skeletons
  A shadow imp (D:6)
  2 oozes
  An adder zombie (D:7)
  2 adder skeletons
  4 worms
  2 dart slugs
  3 leopard geckos
  8 orcs
  3 bats
  2 giant cockroaches (D:6)
  A goblin (D:2)
  8 hobgoblins
  4 jackals
  4 quokkas
  2 ball pythons
  A frilled lizard (D:4)
  9 kobolds
  9 rats
123 creatures vanquished.

Notes
Turn   | Place    | Note
-------+----------+-------------------------------------------
     0 | D:1      | Lexodia the Troll Fighter began the quest for the Orb.
     0 | D:1      | Reached XP level 1. HP: 22/22 MP: 0/0
   175 | D:1      | Reached XP level 2. HP: 29/29 MP: 1/1
   437 | D:2      | Huge Dmg: 7 dmg
   441 | D:2      | Huge Dmg: 7 dmg
   446 | D:2      | Huge Dmg: 2 dmg
   447 | D:2      | Reached skill level 3 in Unarmed Combat
   506 | D:2      | Reached XP level 3. HP: 36/36 MP: 2/2
  1163 | D:3      | Reached XP level 4. HP: 34/44 MP: 3/3
  1183 | D:3      | Reached skill level 4 in Unarmed Combat
  1496 | D:3      | Reached XP level 5. HP: 37/50 MP: 4/4
  1765 | D:4      | Reached skill level 5 in Unarmed Combat
  1944 | D:4      | Found Xytattiest's Antique Armour Shop.
  2012 | D:4      | Reached XP level 6. HP: 59/59 MP: 5/5
  2020 | D:4      | Huge Dmg: 10 dmg
  2096 | D:4      | Reached skill level 6 in Unarmed Combat
  2277 | D:4      | Reached XP level 7. HP: 66/66 MP: 6/6
  2282 | D:5      | Entered Level 5 of the Dungeon
  2342 | D:5      | Huge Dmg: 26 dmg
  2562 | D:5      | Reached skill level 7 in Unarmed Combat
  2800 | D:5      | Found a burning altar of Makhleb.
  3035 | D:5      | Became a worshipper of Makhleb the Destroyer
  3087 | D:6      | Noticed Edmund
  3099 | D:6      | Killed Edmund
  3124 | D:6      | Found a radiant altar of Vehumet.
  3125 | D:6      | Found a shadowy altar of Dithmenos.
  3126 | D:6      | Found an iron altar of Okawaru.
  3138 | D:6      | Found a bloodstained altar of Trog.
  3275 | D:6      | Noticed Eustachio
  3281 | D:6      | Reached skill level 5 in Shields
  3306 | D:6      | Killed Eustachio
  3306 | D:6      | Reached skill level 8 in Unarmed Combat
  3306 | D:6      | Reached XP level 8. HP: 72/74 MP: 7/7
  3321 | D:6      | Found a sacrificial altar of Ru.
  3386 | D:6      | Found a glowing golden altar of the Shining One.
  3474 | D:6      | Got a sheer robe
  3485 | D:6      | Identified the +1 robe of Free Expression {-Tele rF++ Str+3 Dex+2} (You found it on level 6 of the Dungeon)
  3508 | D:6      | Found the +7 mace of Variability {chain chaos}
  3553 | D:6      | Huge Dmg: 17 dmg
  3555 | D:6      | Huge Dmg: 16 dmg
  3735 | D:7      | Huge Dmg: 12 dmg
  3741 | D:7      | Huge Dmg: 9 dmg
  3742 | D:7      | Reached skill level 9 in Unarmed Combat
  3752 | D:7      | Huge Dmg: 9 dmg
  3840 | D:7      | Gained mutation: You have a beak for a mouth. [potion of mutation]
  3840 | D:7      | Gained mutation: You are surrounded by a mild repulsion field. (EV +2) [potion of mutation]
  3858 | D:7      | Reached * piety under Makhleb
  3915 | D:7      | Found a staircase to the Ecumenical Temple.
  4078 | D:7      | Reached XP level 9. HP: 79/80 MP: 8/8
  4105 | D:7      | Found a glowing golden altar of the Shining One.
  4235 | D:8      | Reached skill level 10 in Unarmed Combat
  4275 | D:8      | Huge Dmg: 26 dmg
  4278 | D:8      | Huge Dmg: 16 dmg
  4281 | D:8      | Huge Dmg: 7 dmg
  4281 | D:8      | Slain by a killer bee

Vault maps used:
D:1:      lightli_arrival_statue_moat, fountainhead
D:4:      serial_shops, nicolae_shop_overgrown_old_shop
D:5:      lightli_temple_of_fire, first_ration, roderic_serpentine_path,
          minmay_misc_feat_five
D:6:      minmay_diamond_boxcup, nicolae_overflow_quartered_altars,
          old_standard_altar, minmay_misc_feat_tower,
          nicolae_tso_swordbearing_angel, uniq_edmund, uniq_eustachio
D:7:      lemuel_doored_altar, minmay_temple_entry_overgrown
D:8:      gammafunk_ghost_split, david_nohive_1, kennysheep_generic_room_6,
          uniq_joseph

Skill      XL: |  1  2  3  4  5  6  7  8  9 |
---------------+----------------------------+-----
Unarmed Combat | 3 4 5 6 8 9 10 | 10.3
Shields        | 3 4 5 6 |  6.5
Fighting       | |  2.4
Dodging        | |  2.4

Action                   |  1- 3 |  4- 6 |  7- 9 || total
-------------------------+-------+-------+-------++-------
Melee: Unarmed           |    94 |    84 |   216 ||   394
       Peck              |       |       |    16 ||    16
  Use: Scroll            |       |       |     3 ||     3
       Potion            |       |       |     6 ||     6
 Stab: Sleeping          |       |     1 |       ||     1
  Eat: Chunk             |    15 |     6 |    17 ||    38
Armor: Robe              |    19 |    20 |    62 ||   101
Dodge: Dodged            |    35 |    24 |   128 ||   187
Block: Shield            |    32 |    34 |   179 ||   245

Table legend:
 A = Spawn XP
 B = Non-spawn XP
 C = Spawn XP percentage of total XP
 D = Spawn monster count
 E = Non-spawn monster count
 F = Spawn count percentage of total count
 G = Total turns spent on level
                    A         B        C        D         E        F      G
               +---------+---------+-------+---------+---------+-------+---------
         Total |       0 |    3462 |   0.0 |       0 |     123 |   0.0 |  4281
               +---------+---------+-------+---------+---------+-------+---------
           D:1 |       0 |      23 |   0.0 |       0 |      13 |   0.0 |   422
           D:2 |       0 |      26 |   0.0 |       0 |      11 |   0.0 |   574
           D:3 |       0 |     147 |   0.0 |       0 |      21 |   0.0 |   691
           D:4 |       0 |     544 |   0.0 |       0 |      19 |   0.0 |   595
           D:5 |       0 |     303 |   0.0 |       0 |       8 |   0.0 |   798
           D:6 |       0 |     813 |   0.0 |       0 |      14 |   0.0 |   606
           D:7 |       0 |    1043 |   0.0 |       0 |      22 |   0.0 |   526
           D:8 |       0 |     563 |   0.0 |       0 |      15 |   0.0 |    69
               +---------+---------+-------+---------+---------+-------+---------
